 Dungeon Crawl Stone Soup version 0.26.0-16-gc1dbca0489 (webtiles) character file.

Game seed: 14051059713892534135

235938 pancakes the Thaumaturge (level 19, 0/163 HPs)
             Began as a Gnoll Hedge Wizard on Jan 16, 2021.
             Was the Champion of Ashenzari.
             Killed by the raging water
             ... invoked by a water nymph
              (15 damage)
             ... on level 4 of the Shoals on Jan 18, 2021.
             The game lasted 07:42:35 (43138 turns).

pancakes the Thaumaturge (Gnoll Hedge Wizard)      Turns: 43138, Time: 07:42:36

Health: 0/163      AC: 25    Str: 17    XL:     19   Next: 64%
Magic:  10/37      EV: 25    Int: 24    God:    Ashenzari [******]
Gold:   2260       SH: 18    Dex: 14    Spells: 13/46 levels left

rFire    . . .     SeeInvis +   a - +9 lance "Wyrmbane" {slay drac, rPois rF+ rC+ AC+3} (curse)
rCold    + + .     Faith    .   I - +0 tower shield
rNeg     . . .     Spirit   .   D - +5 steam dragon scales (curse)
rPois    +         Reflect  .   U - +2 hat (curse)
rElec    +         Harm     .   e - scarf {+Inv} (curse)
rCorr    .         Rampage  .   x - +2 pair of gloves {Str+3}
Will     +....     Clarity  +   q - +2 pair of boots {run} (curse)
Stlth    +++.......             w - amulet of Vitality {Regen+ HP+15} (curse)
HPRegen  0.77/turn              H - +4 ring of evasion (curse)
MPRegen  0.25/turn              E - ring of ice

@: very slightly contaminated, very slow
A: distributed training, fangs 1, hooves 1, sense surroundings 1, electricity
resistance, sturdy frame 1, strong nose
}: 1/15 runes: serpentine
a: Renounce Religion, Evoke Invisibility, Curse Item, Scrying


You were on level 4 of the Shoals.
You worshipped Ashenzari.
Ashenzari was exalted by your worship.
You visited 7 branches of the dungeon, and saw 34 of its levels.
You visited 1 bazaar.
You also visited: Ossuary.

You collected 4246 gold pieces.
You spent 1986 gold pieces at shops.

Inventory:

Hand Weapons
 a - the cursed +9 lance "Wyrmbane" (weapon) {slay drac, rPois rF+ rC+ AC+3}
   (You took it off Maggie on level 6 of the Dungeon)

   It affects your AC (+3).
   It protects you from fire.
   It protects you from cold.
   It protects you from poison.
   It has a curse placed upon it.
Missiles
 h - 3 atropa-tipped darts
 v - 116 boomerangs
 G - 7 curare-tipped darts
 J - 9 boomerangs of dispersal
 M - 7 throwing nets
 V - 19 silver javelins
Armour
 e - a cursed scarf of invisibility (worn)
 q - a cursed +2 pair of boots of running (worn)
 x - a +2 pair of gloves of strength (worn)
 D - cursed +5 steam dragon scales (worn)
 I - a +0 tower shield (worn)
 U - a cursed +2 hat (worn)
Jewellery
 b - a +6 ring of intelligence
 k - a cursed ring of teleportation
 w - the cursed amulet of Vitality (around neck) {Regen+ HP+15}
   (You found it on level 11 of the Dungeon)

   [amulet of regeneration]

   It affects your health (+15).
   It increases your rate of regeneration.
   It has a curse placed upon it.
 E - a ring of ice (right hand)
 H - a cursed +4 ring of evasion (left hand)
 P - an uncursed ring of fire
Wands
 f - a wand of flame (75)
 m - a wand of digging (26)
 s - a wand of paralysis (50)
 B - a wand of random effects (14)
 F - a wand of polymorph (7)
 Q - a wand of iceblast (41)
 S - a wand of disintegration (11)
 T - a wand of acid (17)
 Z - a wand of enslavement (14)
Scrolls
 n - 9 scrolls of fear
 p - 21 scrolls of teleportation
 u - 6 scrolls of remove curse
 y - 5 scrolls of blinking
 N - 4 scrolls of identify
 O - 6 scrolls of fog
 R - 4 scrolls of silence
 W - 2 scrolls of amnesia
Potions
 d - 5 potions of attraction
 g - 7 potions of curing
 o - a potion of might
 r - 6 potions of brilliance
 t - 6 potions of magic
 z - 2 potions of cancellation
 A - 3 potions of resistance
 C - 3 potions of berserk rage
 L - 3 potions of lignification
 X - 3 potions of flight
 Y - 4 potions of heal wounds
Miscellaneous
 c - a box of beasts
 j - a condenser vane (inert)
 l - a lightning rod (4/4)
 K - a phial of floods


   Skills:
 + Level 12.9 Fighting
 + Level 12.9 Short Blades
 + Level 12.9 Long Blades
 + Level 12.9 Axes
 + Level 12.9 Maces & Flails
 + Level 12.9(17.0) Polearms
 + Level 12.9 Staves
 + Level 12.9 Slings
 + Level 12.9 Bows
 + Level 12.9 Crossbows
 + Level 12.9 Throwing
 + Level 12.9 Armour
 + Level 13.5(16.1) Dodging
 + Level 13.4(16.1) Stealth
 + Level 12.9 Shields
 + Level 12.9 Unarmed Combat
 + Level 14.4 Spellcasting
 + Level 11.3(14.0) Conjurations
 + Level 11.1(13.8) Hexes
 + Level 11.3(14.0) Summonings
 + Level 11.1(13.8) Necromancy
 + Level 11.3(14.0) Translocations
 + Level 11.1(13.8) Transmutations
 + Level 11.1(13.8) Fire Magic
 + Level 11.1(13.8) Ice Magic
 + Level 11.1(13.8) Air Magic
 + Level 11.1(13.8) Earth Magic
 + Level 11.1(13.8) Poison Magic
 + Level 13.9 Invocations
 + Level 12.9(15.5) Evocations


You had 13 spell levels left.
You knew the following spells:

 Your Spells              Type           Power        Failure   Level
a - Corona                Hex            78%          1%          1
b - Blink                 Tloc           N/A          1%          2
d - Mephitic Cloud        Conj/Pois/Air  71%          1%          3
e - Conjure Flame         Conj/Fire      71%          1%          3
f - Airstrike             Air            35%          1%          4
g - Slow                  Hex            71%          1%          2
m - Summon Ice Beast      Ice/Summ       90%          1%          4
n - Call Imp              Summ           71%          1%          2
r - Lightning Bolt        Conj/Air       35%          1%          5
s - Magic Dart            Conj           100%         1%          1
w - Irradiate             Conj/Tmut      35%          1%          5
y - Apportation           Tloc           100%         1%          1

Your spell library contained the following spells:

 Spells                   Type           Power        Failure   Level
 Animate Skeleton         Necr           100%         1%          1
 Sting                    Tmut/Pois      100%         1%          1
 Summon Small Mammal      Summ           100%         1%          1
 Call Canine Familiar     Summ           71%          1%          3
 Spider Form              Tmut/Pois      35%          1%          3
 Static Discharge         Conj/Air       71%          1%          3
 Summon Guardian Golem    Hex/Summ       71%          1%          3
 Petrify                  Tmut/Erth      71%          1%          4
 Summon Lightning Spire   Summ/Air       71%          1%          4
 Bolt of Magma            Conj/Fire/Erth 35%          1%          5
 Statue Form              Tmut/Erth      47%          9%          6


Dungeon Overview and Level Annotations

Branches:
Dungeon (15/15)            Temple (1/1) D:7            Lair (6/6) D:8
 Shoals (4/4) Lair:2        Snake (4/4) Lair:3        Slime (0/5) Lair:6
    Orc (2/2) D:11            Elf (2/3) Orc:2        Vaults (0/5) D:14
 Depths (0/5) D:15        Ossuary (visited)

Altars:
Ashenzari
Cheibriados
Elyvilon
Kikubaaqudgha
Makhleb
Nemelex Xobeh
Qazlal
Ru
Sif Muna
Uskayaw
Xom
Zin
The Shining One

Shops:
D:9 *   Orc:1 (   Orc:2 }!*!   Shoals:3 (=?   Snake:1 [   Snake:4 ![[

Portals:
Trove: D:10 (give 12 potions of heal wounds)

Annotations:
D:8 1 runed translucent door
Snake:2 3 runed translucent doors, Sagen's ghost, adept DrCj; Wowzers's ghost, adept DsAK; Zunwa's ghost, adept MiBe


Innate Abilities, Weirdness & Mutations

Your experience applies equally to all skills.
You have very sharp teeth.
Your uncanny sense of smell can sniff out nearby items.
You have large cloven feet.
You passively map a small area around you.
You are resistant to electric shocks. (rElec)
Your movements are slightly less encumbered by armour. (ER -2)


Message History

Attack!
Your manticore dies!
Your manticore's corpse dissolves into shadows!
Your ice beast completely misses the snapping turtle.
A water nymph comes into view.
The snapping turtle bites your ice beast!
Your ice beast hits the snapping turtle but does no damage.
The snapping turtle bites your ice beast!
Your ice beast hits the snapping turtle.
Your ice beast freezes the snapping turtle!!
The snapping turtle seems to slow down.
Casting: Summon Ice Beast (mildly dangerous; 1% risk of failure)
Confirm with . or Enter, or press ? or * to list all spells.
Okay, then.
Unknown command.
Unknown command.
The snapping turtle completely misses you.
The water nymph gestures at you while chanting.
The water swirls and strikes you!
You die...

,, , ≈ ≈ ≈≈≈≈≈≈≈≈≈≈≈≈≈≈≈# , ,,≈ ,
≈ #≈≈≈≈≈≈≈≈≈..#.≈# , ≈ , ≈ ≈
≈≈≈≈≈≈≈≈≈≈≈.....≈#, * ≈ *,,
≈≈≈≈≈#≈≈≈≈≈≈≈≈≈#..≈#∩ ≈*#≈. ** ,
≈≈≈≈≈≈≈≈≈≈≈..m.≈..≈#####≈≈. ,
≈≈≈≈≈≈#≈≈≈..#§...≈≈≈≈≈≈≈≈. , ,,
.≈≈≈≈≈≈≈#≈#..○[†(<.≈≈..... ,≈≈
≈≈≈≈.≈≈≈≈≈≈≈t..§.((.≈≈≈.... ≈≈≈≈
≈≈....≈≈≈≈@Ym≈§.†.†$.≈.....
≈≈≈≈≈≈≈≈.#..≈≈≈≈≈5))))###..≈.....
≈≈≈≈≈≈≈..#..[≈≈°(☼)≈)☼# #..St....
≈≈≈≈≈......≈≈≈≈≈).().###.(.≈≈...
≈≈≈≈≈≈......≈≈≈≈≈≈☼≈.(##....≈≈≈≈.
≈≈≈≈≈≈≈.≈≈≈.≈≈≈≈≈≈≈..###...≈≈≈≈..
.≈≈≈≈≈≈≈≈≈≈≈..≈≈≈≈..###..######..
..≈≈.≈≈≈≈≈≈≈.≈.(.≈[###..## ≈≈ #.
#...≈≈≈≈≈≈≈......≈.....## ≈ *∆#


You could see a snapping turtle (slow), a water nymph, a friendly merfolk avatar
(summoned), a friendly ice beast (summoned) and a friendly crimson imp
(summoned).

Vanquished Creatures
  Saint Roka (Snake:2)
  Jorgrun (Orc:1)
  Gastronok (Lair:3)
  Roxanne (D:14)
  7 nagarajas
  Aizul (Snake:2)
  Louise (Elf:1)
  5 merfolk impalers
  Snorg (Orc:1)
  4 merfolk javelineers
  A yaktaur captain (D:9)
  A great orb of eyes (D:9)
  4 vault guards (D:14)
  Fannar (Lair:3)
  An ice dragon (Shoals:4)
  A boulder beetle (D:15)
  Harold (D:8)
  14 naga warriors
  7 hydras
  22 two-headed ogres
  A merfolk avatar (Shoals:3)
  5 merfolk aquamancers
  8 anacondas
  2 alligator snapping turtles
  A death knight (D:15)
  3 ogre magi
  3 centaur warriors
  3 death yaks (D:8)
  6 dancing weapons
  2 tengu warriors (D:15)
  An orc high priest (Orc:1)
  4 deep elf knights (Elf:1)
  Sonja (D:11)
  Nergalle (Lair:3)
  20 naga sharpshooters
  7 shock serpents
  7 sea snakes
  3 salamander mystics
  3 unseen horrors
  2 deep trolls (Orc:2)
  6 naga ritualists
  2 deep elf archers (Elf:1)
  A wizard (D:15)
  Pikel (D:6)
  14 harpies
  An orc knight (D:14)
  A wolf spider zombie (D:15)
  8 mana vipers
  A wolf spider (Lair:6)
  A phantasmal warrior (D:15)
  5 fauns
  3 orc sorcerers
  26 deep elf magi
  15 ugly things
  7 manticores
  4 oklob plants (Lair:6)
  5 cyclopes
  7 salamanders
  34 black mambas
  21 elephants
  5 merfolk sirens
  5 guardian serpents
  A cane toad (shapeshifter) (D:15)
  7 water nymphs
  Maurice (D:8)
  16 cane toads
  25 naga magi
  Psyche (D:8)
  3 gargoyles
  A kobold demonologist (D:13)
  3 centaur skeletons
  5 rime drakes
  7 komodo dragons
  Maggie (D:6)
  2 freezing wraiths (D:15)
  9 yaktaurs (D:15)
  2 tengu conjurers
  A jumping spider (shapeshifter) (Elf:1)
  33 merfolk
  2 polar bears
  A troll (shapeshifter) (Elf:1)
  3 meliai (D:15)
  13 trolls
  5 wind drakes
  5 hornets
  14 blink frogs
  8 slime creatures
  6 snapping turtles
  2 air elementals
  A vampire (D:12)
  10 wyverns
  A shadow (D:12)
  65 yaks
  A fire elemental (Elf:1)
  11 water elementals
  5 basilisks
  Grum (D:8)
  A wraith (D:15)
  2 steam dragons
  4 wargs
  3 vampire mosquitoes (D:15)
  2 acid dragons
  34 nagas
  26 water moccasins
  6 black bears
  18 orc warriors
  2 ice beasts
  7 sky beasts
  5 phantoms
  A necrophage (D:11)
  26 ogres
  13 wolves
  14 centaurs
  4 lemures (D:6)
  2 big kobolds (D:14)
  An elf zombie (Ossuary)
  22 bullfrogs
  2 earth elementals (Elf:1)
  A wyvern zombie (D:8)
  6 scorpions
  11 killer bees
  16 wights
  6 howler monkeys
  2 electric eels (Lair:4)
  3 centaur zombies
  A bullfrog zombie (D:7)
  6 hounds
  A human zombie (Ossuary)
  11 jellies
  6 orc priests
  21 orc wizards
  2 bullfrog skeletons
  3 iguanas
  10 worker ants
  2 hell rats (D:8)
  3 big kobold zombies (Ossuary)
  4 hound zombies
  A hound skeleton (D:11)
  A howler monkey zombie (D:8)
  2 mummies (Ossuary)
  4 gnolls (D:6)
  15 adders
  A howler monkey skeleton (D:7)
  2 river rats (D:8)
  2 shadow imps (D:8)
  A white imp (D:6)
  3 ufetubi
  An ooze (D:1)
  2 adder zombies
  2 adder skeletons
  3 worms
  A dart slug (D:4)
  7 leopard geckos
  44 orcs
  2 ball pythons (D:4)
  3 giant cockroaches
  17 goblins
  9 hobgoblins
  11 jackals
  21 kobolds
  6 quokkas
  8 bats
  5 frilled lizards
  2 goblin zombies (Ossuary)
  8 hobgoblin zombies (Ossuary)
  11 kobold zombies (Ossuary)
  8 orc zombies (Ossuary)
  9 rats
  A rat zombie (Ossuary)
1127 creatures vanquished.

Vanquished Creatures (collateral kills)
  A dire elephant (D:15)
  A rakshasa (D:13)
  A deep elf high priest (Elf:1)
  A hydra (D:13)
  2 naga warriors
  3 anacondas (Snake:1)
  Urug (D:13)
  A shock serpent (Snake:3)
  A sea snake (Shoals:4)
  A naga ritualist (Snake:3)
  A deep elf archer (D:14)
  5 mana vipers (Snake:1)
  5 deep elf magi (Elf:1)
  A wolf spider (Lair:6)
  2 salamanders
  2 guardian serpents
  A centaur zombie (D:13)
  2 cane toads (Lair:6)
  7 black mambas
  3 naga magi
  A troll (D:13)
  A snapping turtle (Shoals:2)
  A wraith (D:13)
  5 nagas
  An orc wizard (D:13)
  2 orcs (D:13)
53 creatures vanquished.

Vanquished Creatures (others)
  A merfolk (Shoals:4)
  A water elemental (Shoals:4)
  A naga (Snake:3)
  A bullfrog (D:15)
  A scorpion (D:10)
  An orc (D:13)
  2 bushes
  70 fungi
  113 plants
  7 withered plants
198 creatures vanquished.

Grand Total: 1378 creatures vanquished

Notes
Turn   | Place    | Note
-------+----------+-------------------------------------------
     0 | D:1      | pancakes the Gnoll Hedge Wizard began the quest for the
                  | Orb.
     0 | D:1      | Reached XP level 1. HP: 13/13 MP: 8/8
    48 | D:1      | Reached XP level 2. HP: 14/19 MP: 0/10
   428 | D:1      | Found a broken altar of Ashenzari.
   495 | D:1      | Became a worshipper of Ashenzari the Shackled
   608 | D:1      | Reached XP level 3. HP: 24/25 MP: 4/11
   875 | D:2      | Reached skill level 1 in Invocations
   965 | D:2      | Learned a level 2 spell: Blink
   969 | D:2      | Learned a level 3 spell: Mephitic Cloud
   973 | D:2      | Learned a level 3 spell: Conjure Flame
   976 | D:2      | Learned a level 2 spell: Call Imp
   991 | D:2      | Reached skill level 1 in Fighting
   991 | D:2      | Reached skill level 1 in Short Blades
   991 | D:2      | Reached skill level 1 in Long Blades
   991 | D:2      | Reached skill level 1 in Axes
   991 | D:2      | Reached skill level 1 in Maces & Flails
   991 | D:2      | Reached skill level 1 in Polearms
   991 | D:2      | Reached skill level 1 in Staves
   991 | D:2      | Reached skill level 1 in Slings
   991 | D:2      | Reached skill level 1 in Bows
   991 | D:2      | Reached skill level 1 in Crossbows
   991 | D:2      | Reached skill level 1 in Throwing
   991 | D:2      | Reached skill level 1 in Armour
   991 | D:2      | Reached skill level 1 in Shields
   991 | D:2      | Reached skill level 1 in Unarmed Combat
   991 | D:2      | Reached skill level 1 in Evocations
  1051 | D:2      | Reached XP level 4. HP: 27/32 MP: 1/13
  1553 | D:2      | Reached skill level 1 in Hexes
  1553 | D:2      | Reached skill level 1 in Necromancy
  1553 | D:2      | Reached skill level 1 in Transmutations
  1553 | D:2      | Reached skill level 1 in Fire Magic
  1553 | D:2      | Reached skill level 1 in Ice Magic
  1553 | D:2      | Reached skill level 1 in Air Magic
  1553 | D:2      | Reached skill level 1 in Earth Magic
  1553 | D:2      | Reached skill level 1 in Poison Magic
  2011 | D:2      | Found a shimmering blue altar of Sif Muna.
  2068 | D:3      | Reached XP level 5. HP: 37/37 MP: 9/14
  2614 | D:4      | Found a sand-covered staircase.
  2638 | Ossuary  | Entered an ossuary
  2958 | Ossuary  | Reached XP level 6. HP: 28/44 MP: 16/16
  2979 | Ossuary  | Reached skill level 5 in Dodging
  3502 | D:4      | Reached * piety under Ashenzari
  3578 | D:4      | Found a sacrificial altar of Ru.
  3662 | D:4      | Found a stormy altar of Qazlal.
  3672 | D:4      | Noticed an air elemental
  3676 | D:4      | Noticed a water elemental
  3676 | D:4      | Noticed a fire elemental
  3690 | D:4      | Reached XP level 7. HP: 50/50 MP: 11/18
  3775 | D:5      | Entered Level 5 of the Dungeon
  3841 | D:5      | Found a white marble altar of Elyvilon.
  4672 | D:6      | Reached skill level 5 in Stealth
  4808 | D:6      | Noticed Pikel
  4823 | D:6      | Reached XP level 8. HP: 37/57 MP: 4/19
  5182 | D:6      | Killed Pikel
  5183 | D:6      | Reached skill level 8 in Spellcasting
  5627 | D:6      | Reached XP level 9. HP: 65/65 MP: 12/21
  5756 | D:6      | Noticed Maggie
  5864 | D:6      | Killed Maggie
  6266 | D:6      | Found a snail-covered altar of Cheibriados.
  6294 | D:7      | Found a staircase to the Ecumenical Temple.
  6337 | Temple   | Entered the Ecumenical Temple
  6524 | D:7      | Reached skill level 5 in Invocations
  6723 | D:7      | Reached ** piety under Ashenzari
  7293 | D:8      | Noticed Harold
  7378 | D:8      | Reached XP level 10. HP: 73/73 MP: 13/22
  7406 | D:8      | Noticed Grum
  7427 | D:8      | Reached skill level 5 in Fighting
  7427 | D:8      | Reached skill level 5 in Short Blades
  7427 | D:8      | Reached skill level 5 in Long Blades
  7427 | D:8      | Reached skill level 5 in Axes
  7427 | D:8      | Reached skill level 5 in Maces & Flails
  7427 | D:8      | Reached skill level 5 in Polearms
  7427 | D:8      | Reached skill level 5 in Staves
  7427 | D:8      | Reached skill level 5 in Slings
  7427 | D:8      | Reached skill level 5 in Bows
  7427 | D:8      | Reached skill level 5 in Crossbows
  7427 | D:8      | Reached skill level 5 in Throwing
  7427 | D:8      | Reached skill level 5 in Armour
  7427 | D:8      | Reached skill level 5 in Shields
  7427 | D:8      | Reached skill level 5 in Unarmed Combat
  7427 | D:8      | Reached skill level 5 in Evocations
  7530 | D:8      | Noticed a death yak
  7537 | D:8      | Noticed a death yak
  7546 | D:8      | Noticed a death yak
  7598 | D:8      | Killed Grum
  7653 | D:8      | Found a glowing golden altar of the Shining One.
  7653 | D:8      | Found a runed translucent door.
  7653 | D:8      | Noticed an angel
  7773 | D:8      | Found a sacrificial altar of Ru.
  7887 | D:8      | Killed a death yak
  7888 | D:8      | Reached skill level 9 in Spellcasting
  8236 | D:8      | Found a staircase to the Lair.
  8310 | D:8      | Reached skill level 5 in Conjurations
  8310 | D:8      | Reached skill level 5 in Summonings
  8310 | D:8      | Reached skill level 5 in Translocations
  8313 | D:8      | Found a burning altar of Makhleb.
  8523 | D:8      | Noticed Psyche
  8536 | D:8      | Killed Psyche
  8711 | D:8      | Found an ancient bone altar of Kikubaaqudgha.
  8712 | D:8      | Noticed a two-headed ogre
  8727 | D:8      | Killed a two-headed ogre
  8820 | D:8      | Noticed Maurice
  8864 | D:8      | Killed Maurice
  8865 | D:8      | Reached XP level 11. HP: 81/81 MP: 21/24
  9037 | D:8      | Killed a death yak
  9088 | D:8      | Killed a death yak
  9089 | D:8      | Reached skill level 5 in Hexes
  9089 | D:8      | Reached skill level 5 in Necromancy
  9089 | D:8      | Reached skill level 5 in Transmutations
  9089 | D:8      | Reached skill level 5 in Fire Magic
  9089 | D:8      | Reached skill level 5 in Ice Magic
  9089 | D:8      | Reached skill level 5 in Air Magic
  9089 | D:8      | Reached skill level 5 in Earth Magic
  9089 | D:8      | Reached skill level 5 in Poison Magic
  9216 | D:8      | Killed Harold
  9347 | Lair:1   | Entered Level 1 of the Lair of Beasts
  9384 | Lair:1   | Noticed a six-headed hydra
  9385 | Lair:1   | Noticed a six-headed hydra
  9609 | D:9      | Found a glowing silver altar of Zin.
  9610 | D:9      | Found Zin's Purification Station.
  9611 | D:9      | Found a hide-covered altar of Uskayaw.
  9796 | D:9      | Found a large runed translucent door.
  9798 | D:9      | Found a large runed translucent door.
  9801 | D:9      | Noticed a yaktaur captain
  9805 | D:9      | Noticed a great orb of eyes
  9886 | D:9      | Found a stormy altar of Qazlal.
 10268 | D:10     | Entered Level 10 of the Dungeon
 10339 | D:10     | Killed an unseen horror
 10437 | D:10     | Reached *** piety under Ashenzari
 10438 | D:10     | Found a shimmering altar of Xom.
 10466 | D:10     | Noticed a two-headed ogre
 10475 | D:10     | Killed a two-headed ogre
 10867 | D:8      | Killed a six-headed hydra
 11457 | Lair:1   | Reached XP level 12. HP: 89/89 MP: 25/25
 11522 | Lair:1   | Reached skill level 10 in Spellcasting
 12288 | Lair:2   | Found a staircase to the Shoals.
 12644 | Lair:2   | Reached **** piety under Ashenzari
 12726 | Lair:2   | Noticed a four-headed hydra
 12737 | Lair:2   | Killed a four-headed hydra
 12879 | Lair:2   | Noticed a seven-headed hydra
 12892 | Lair:2   | Killed a seven-headed hydra
 13723 | Lair:3   | Noticed Nergalle
 13762 | Lair:3   | Killed Nergalle
 13964 | Lair:3   | Noticed Gastronok
 14010 | Lair:3   | Reached XP level 13. HP: 78/98 MP: 27/27
 14088 | Lair:3   | Killed Gastronok
 14507 | Lair:3   | Noticed Fannar
 14528 | Lair:3   | Killed Fannar
 14550 | Lair:3   | Found a staircase to the Snake Pit.
 14674 | Lair:3   | Reached ***** piety under Ashenzari
 16039 | Lair:5   | Reached skill level 11 in Spellcasting
 16560 | Lair:6   | Entered Level 6 of the Lair of Beasts
 16879 | Lair:6   | Identified a scroll of acquirement
 16879 | Lair:6   | Acquired Enexton's Grimoire of Feathery Ignition
 16894 | Lair:6   | Learned a level 4 spell: Airstrike
 16941 | Lair:6   | Reached XP level 14. HP: 106/106 MP: 26/29
 17025 | Lair:6   | Reached skill level 10 in Dodging
 17221 | Lair:6   | Reached skill level 10 in Stealth
 17443 | Lair:6   | Found a staircase to the Slime Pits.
 17527 | Lair:6   | Reached skill level 10 in Invocations
 18062 | Lair:6   | Upgraded the game from 0.26.0-15-gc6cd9f700b to
                  | 0.26.0-16-gc1dbca0489
 18065 | Lair:6   | Learned a level 2 spell: Slow
 18675 | Lair:6   | Learned a level 5 spell: Lightning Bolt
 19460 | Lair:6   | Learned a level 4 spell: Summon Ice Beast
 19547 | Snake:1  | Entered Level 1 of the Snake Pit
 19703 | Shoals:1 | Entered Level 1 of the Shoals
 20520 | Shoals:1 | Reached XP level 15. HP: 100/103 MP: 30/30
 21517 | D:9      | Found a snail-covered altar of Cheibriados.
 21526 | D:9      | Found a shimmering blue altar of Sif Muna.
 21976 | D:10     | Reached ****** piety under Ashenzari
 22027 | D:10     | Found a portal to a secret trove of treasure.
 22032 | D:10     | 12 HW
 22286 | D:10     | Found the +7 Singing Sword {vorpal, sonic wave}
 22451 | D:10     | Learned a level 1 spell: Corona
 22453 | D:10     | Learned a level 1 spell: Apportation
 22579 | D:11     | Reached skill level 12 in Spellcasting
 22631 | D:11     | Found a staircase to the Orcish Mines.
 22701 | D:11     | Reached skill level 10 in Fighting
 22701 | D:11     | Reached skill level 10 in Short Blades
 22701 | D:11     | Reached skill level 10 in Long Blades
 22701 | D:11     | Reached skill level 10 in Axes
 22701 | D:11     | Reached skill level 10 in Maces & Flails
 22701 | D:11     | Reached skill level 10 in Polearms
 22701 | D:11     | Reached skill level 10 in Staves
 22701 | D:11     | Reached skill level 10 in Slings
 22701 | D:11     | Reached skill level 10 in Bows
 22701 | D:11     | Reached skill level 10 in Crossbows
 22701 | D:11     | Reached skill level 10 in Throwing
 22701 | D:11     | Reached skill level 10 in Armour
 22701 | D:11     | Reached skill level 10 in Shields
 22701 | D:11     | Reached skill level 10 in Unarmed Combat
 22701 | D:11     | Reached skill level 10 in Evocations
 22994 | D:11     | Noticed Sonja
 23005 | D:11     | Killed Sonja
 23386 | D:11     | Gained mutation: You are partially covered in molten
                  | scales. (AC +2) [potion of mutation]
 23386 | D:11     | Gained mutation: Your body sometimes deteriorates upon
                  | taking damage. [potion of mutation]
 23386 | D:11     | Gained mutation: You passively map a small area around you.
                  | [potion of mutation]
 23386 | D:11     | Gained mutation: Your movements are slightly less
                  | encumbered by armour. (ER -2) [potion of mutation]
 23582 | D:11     | Found the amulet of Vitality {Regen+ HP+15}
 24978 | D:12     | Found a sparkling altar of Nemelex Xobeh.
 25359 | D:13     | Noticed Urug
 25590 | D:13     | Killed Urug
 26246 | D:14     | Identified the cursed +0 war axe of the Realm of Zot
                  | {drain, rElec rF+ Str+2}
 26282 | D:14     | Reached XP level 16. HP: 88/123 MP: 29/32
 26501 | D:14     | Identified Roxanne's Almanac of Transmutation
 26501 | D:14     | Noticed Roxanne
 26787 | D:14     | Found a gate to the Vaults.
 27432 | D:14     | Killed Roxanne
 27579 | D:15     | Entered Level 15 of the Dungeon
 28557 | D:15     | Found a staircase to the Depths.
 28712 | D:15     | Identified the +3 robe of the Northern Lights {rElec Will-
                  | rCorr MP+9}
 29809 | Orc:1    | Entered Level 1 of the Orcish Mines
 30059 | Orc:2    | Entered Level 2 of the Orcish Mines
 30448 | Orc:2    | Found a staircase to the Elven Halls.
 30621 | Orc:2    | Found Reass's Distillery.
 30625 | Orc:2    | Found Wyemowy's Distillery.
 30628 | Orc:2    | Found Kijeimi's Assorted Antiques.
 30636 | Orc:2    | Bought a scroll of identify for 60 gold pieces
 30636 | Orc:2    | Bought a scroll of identify for 60 gold pieces
 30640 | Orc:2    | Found Ustadiang's Gadget Boutique.
 30887 | Orc:1    | Noticed Jorgrun
 30909 | Orc:1    | Killed Jorgrun
 30910 | Orc:1    | Reached XP level 17. HP: 121/129 MP: 30/33
 31036 | Orc:1    | Reached skill level 13 in Spellcasting
 31041 | Orc:1    | Noticed Snorg
 31054 | Orc:1    | Killed Snorg
 31115 | Orc:1    | Found Jaafy's Antique Weapon Shop.
 31189 | Elf:1    | Entered Level 1 of the Elven Halls
 31455 | Elf:1    | Noticed Louise
 31619 | Elf:1    | Killed Louise
 31859 | Elf:1    | Reached skill level 10 in Conjurations
 31859 | Elf:1    | Reached skill level 10 in Summonings
 31859 | Elf:1    | Reached skill level 10 in Translocations
 32808 | Elf:2    | Found a flickering gateway to a bazaar.
 32843 | Bazaar   | Entered a bazaar
 32851 | Bazaar   | Found Erruo's Gadget Shop.
 32874 | Bazaar   | Found Wimilasu's Antique Armour Shop.
 32882 | Bazaar   | Bought a pair of runed boots for 157 gold pieces
 32896 | Bazaar   | Bought a condenser vane for 360 gold pieces
 32896 | Bazaar   | Bought a lightning rod (4/4) for 270 gold pieces
 32896 | Bazaar   | Bought a wand of digging (4) for 144 gold pieces
 32896 | Bazaar   | Bought a wand of acid (7) for 198 gold pieces
 32896 | Bazaar   | Bought a wand of flame (18) for 90 gold pieces
 33787 | Snake:1  | Reached skill level 10 in Hexes
 33787 | Snake:1  | Reached skill level 10 in Necromancy
 33787 | Snake:1  | Reached skill level 10 in Transmutations
 33787 | Snake:1  | Reached skill level 10 in Fire Magic
 33787 | Snake:1  | Reached skill level 10 in Ice Magic
 33787 | Snake:1  | Reached skill level 10 in Air Magic
 33787 | Snake:1  | Reached skill level 10 in Earth Magic
 33787 | Snake:1  | Reached skill level 10 in Poison Magic
 33993 | Snake:1  | Found Oheed's Armour Shop.
 34015 | Snake:1  | Bought a +0 pair of boots of running for 441 gold pieces
 35697 | Snake:2  | Noticed Aizul
 35733 | Snake:2  | Killed Aizul
 35734 | Snake:2  | Reached XP level 18. HP: 125/140 MP: 22/35
 36301 | Snake:2  | Noticed Saint Roka
 36318 | Snake:2  | Killed Saint Roka
 36544 | Snake:2  | Found a runed translucent gate.
 36544 | Snake:2  | Found a runed translucent gate.
 36545 | Snake:2  | Found a runed translucent gate.
 36546 | Snake:2  | Noticed Zunwa's ghost (adept MiBe)
 36546 | Snake:2  | Noticed Sagen's ghost (adept DrCj)
 36548 | Snake:2  | Noticed Wowzers's ghost (adept DsAK)
 37330 | Snake:3  | Learned a level 5 spell: Irradiate
 38015 | Snake:4  | Entered Level 4 of the Snake Pit
 38885 | Snake:4  | Found Comp's Distillery.
 39124 | Snake:4  | Found Koggax's Armour Emporium.
 39128 | Snake:4  | Found Havath's Armour Shoppe.
 39164 | Snake:4  | Bought a +0 pair of gloves of strength for 161 gold pieces
 39702 | Snake:4  | Reached skill level 14 in Spellcasting
 40268 | Snake:4  | Reached XP level 19. HP: 134/147 MP: 31/37
 40328 | Snake:4  | Lost mutation: Your body sometimes deteriorates upon taking
                  | damage. [potion of mutation]
 40328 | Snake:4  | Lost mutation: You are partially covered in molten scales.
                  | (AC +2) [potion of mutation]
 40328 | Snake:4  | Gained mutation: You are resistant to electric shocks.
                  | (rElec) [potion of mutation]
 40328 | Snake:4  | Gained mutation: You have large cloven feet. [potion of
                  | mutation]
 40652 | Snake:4  | Got a serpentine rune of Zot
 42337 | Shoals:3 | Found Zireweut's Weapon Shoppe.
 42349 | Shoals:3 | Found Tuoppyse's Jewellery Boutique.
 42807 | Shoals:3 | Found Ziut's Magic Scroll Boutique.
 42824 | Shoals:3 | Bought a scroll of remove curse for 45 gold pieces
 42879 | Shoals:4 | Entered Level 4 of the Shoals
 43127 | Shoals:4 | HP: 2/163 [merfolk javelineer/javelin (12)]
 43138 | Shoals:4 | Killed from afar by a water nymph

Illustrated notes

,, #.# *,
#.# * , , *
#.# ,,,, *
#.# , ,, *
#.# ,,∆, ∆*
####### #(#
***^ , *
#.....# #.#
^, ,,,
#.++'(###(#
*^ *,,,{*
#.+@+.'.#.#
∆ { ,, *
#.+++.#..(#
* ∆ *,*,
#.....###.#
* { * ,
####### #)#
** * , ***
* #.#
{^,*,,*{* *
* **#.# {*{
*∆, {, ,{,
,, ..# * *
{{ * *### *
* *,* *


Turn 22032 on D:10: 12 HW

Levels and vault maps discovered:
D:1:      dpeg_arrival_long_road, layout_basic, evilmike_ruin_ashenzari
D:2:      kennysheep_the_goblin_king, layout_rooms, lemuel_doored_altar
D:3:      layout_rooms
D:4:      layout_rooms, nicolae_ru_path_of_blood,
          nicolae_ossuary_entry_monument, cheibrodos_sewer_entry_drain,
          nicolae_qazlal_style_of_elements
D:5:      layout_loops_ring, elyvilon_altar_1
D:6:      nicolae_whirlpool, layout_basic, nicolae_overflow_hidden_temple,
          uniq_pikel, uniq_maggie
D:7:      layout_basic, minmay_temple_entry_slanted
D:8:      minmay_polygon_palace, layout_cave_pools, kiku_gazebo_garden_becter,
          bloody_makhleb, dpeg_lair_monsters, basic_altar, lemuel_angel_altar,
          uniq_psyche, uniq_maurice, uniq_harold, uniq_grum
D:9:      layout_rooms, eat_drink_and_be_merry_uskayaw, zin_purify,
          nicolae_overflow_crystal_walls, jmf_multi_god_temple2
D:10:     old_forge, layout_loops_ring, basic_altar, enter_trove_6
D:11:     layout_small_grid, david_orc_3, uniq_sonja
D:12:     layout_gridville, nemelex_xobeh_ov_fountains_minmay
D:13:     layout_cross, uniq_urug
D:14:     layout_roguey, grunt_vaults_entry_fortified, uniq_roxanne
D:15:     hangedman_depths_entry_try_elsewhere_first, layout_loops_ring,
          abandoned_shop, nrook_campfire
Temple:   nicolae_temple_figure_eight
Lair:1:   layout_chaotic_city, grunt_megastairs_4, serial_bayou_shore_b
Lair:2:   layout_cave_pods, elwin_shoals_entry_rooms
Lair:3:   layout_loops_ring, dummy_snake_entry, infiniplex_staircase_pool_2,
          serial_bayou_shore_b, serial_bayou_shore_b, grunt_megastairs_1,
          uniq_nergalle, uniq_gastronok, uniq_fannar
Lair:4:   layout_long_grid, beast_lair_carwin_8, serial_bayou_shore_a
Lair:5:   layout_gridlike, grunt_megastairs_2
Lair:6:   hangedman_lair_tendril_chambers, layout_small_grid,
          minmay_slime_entry_pillars, st_stairs_11, minmay_lair_oklob_chamber,
          lemuel_fruit_tree, serial_bayou_shore_b
Shoals:1: layout_shoals, nicolae_shoals_wave_tunnel
Shoals:2: layout_shoals
Shoals:3: layout_shoals, serial_shops, shop, shop, shop
Shoals:4: shoals_end_hangedman, layout_shoals, portal_ice_cave_entry_dragon,
          nicolae_shoals_water_shrine
Snake:1:  layout_cave_shapes, serial_shops, shop, hangedman_snake_pattern,
          evilmike_ambush [evilmike_ambush_outer_basic,
          evilmike_ambush_inner_basic]
Snake:2:  layout_chambers, gammafunk_ghost_cemetery, serial_bayou_shore_b,
          uniq_aizul, uniq_saint_roka
Snake:3:  layout_grid_shapes, serial_bayou_pond_e, evilmike_ambush
          [evilmike_ambush_outer_basic, evilmike_ambush_inner_basic]
Snake:4:  snake_pit, layout_onion, serial_shops, shop, minmay_shoptagon
Orc:1:    layout_diamond_mine, serial_shops, shop, uniq_jorgrun, uniq_snorg
Orc:2:    st_orc_open, layout_diamond_mine, nicolae_orc_tapped_out
Elf:1:    eino_elf_arrival_the_gate, layout_gridlike,
          kennysheep_underground_church, uniq_louise
Elf:2:    layout_gridlike, serial_shops, bzr_entry_lakeside

Skill      XL: |  1  2  3  4  5  6  7  8  9 10 11 12 13 14 15 16 17 18 19 |
---------------+----------------------------------------------------------+-----
Conjurations   | 2 3 4 5 6 7 8 9 10 11 | 11.3
Summonings     | 2 3 4 5 6 7 8 9 10 11 | 11.3
Translocations | 2 3 4 5 6 7 8 9 10 11 | 11.3
Invocations    | 1 2 3 4 5 6 7 8 9 10 11 12 13 | 13.9
Fighting       | 1 2 3 4 5 6 7 8 9 10 11 12 | 12.9
Short Blades   | 1 2 3 4 5 6 7 8 9 10 11 12 | 12.9
Long Blades    | 1 2 3 4 5 6 7 8 9 10 11 12 | 12.9
Axes           | 1 2 3 4 5 6 7 8 9 10 11 12 | 12.9
Maces & Flails | 1 2 3 4 5 6 7 8 9 10 11 12 | 12.9
Polearms       | 1 2 3 4 5 6 7 8 9 10 11 12 | 12.9
Staves         | 1 2 3 4 5 6 7 8 9 10 11 12 | 12.9
Slings         | 1 2 3 4 5 6 7 8 9 10 11 12 | 12.9
Bows           | 1 2 3 4 5 6 7 8 9 10 11 12 | 12.9
Crossbows      | 1 2 3 4 5 6 7 8 9 10 11 12 | 12.9
Throwing       | 1 2 3 4 5 6 7 8 9 10 11 12 | 12.9
Armour         | 1 2 3 4 5 6 7 8 9 10 11 12 | 12.9
Shields        | 1 2 3 4 5 6 7 8 9 10 11 12 | 12.9
Unarmed Combat | 1 2 3 4 5 6 7 8 9 10 11 12 | 12.9
Evocations     | 1 2 3 4 5 6 7 8 9 10 11 12 | 12.9
Hexes          | 1 2 3 4 5 6 7 8 9 10 11 | 11.1
Necromancy     | 1 2 3 4 5 6 7 8 9 10 11 | 11.1
Transmutations | 1 2 3 4 5 6 7 8 9 10 11 | 11.1
Fire Magic     | 1 2 3 4 5 6 7 8 9 10 11 | 11.1
Ice Magic      | 1 2 3 4 5 6 7 8 9 10 11 | 11.1
Air Magic      | 1 2 3 4 5 6 7 8 9 10 11 | 11.1
Earth Magic    | 1 2 3 4 5 6 7 8 9 10 11 | 11.1
Poison Magic   | 1 2 3 4 5 6 7 8 9 10 11 | 11.1
Dodging        | 5 6 7 8 9 10 11 12 13 | 13.5
Stealth        | 5 6 7 8 9 10 11 12 13 | 13.4
Spellcasting   | 8 9 10 11 12 13 14 | 14.4

Action                   |  1- 3 |  4- 6 |  7- 9 | 10-12 | 13-15 | 16-18 | 19-21 || total
-------------------------+-------+-------+-------+-------+-------+-------+-------++-------
Melee: Dagger            |    18 |       |       |       |       |       |       ||    18
       Bite              |     4 |    16 |    19 |    47 |   185 |   200 |    27 ||   498
       Whip              |    18 |    54 |       |       |       |       |       ||    72
       Spear             |       |    52 |   127 |       |       |       |       ||   179
       Punch             |       |       |     3 |    18 |    33 |       |       ||    54
       Trident           |       |       |    68 |       |       |       |       ||    68
       Lance             |       |       |    86 |   575 |  1645 |  1926 |   346 ||  4578
Throw: Boomerang         |       |       |       |       |     1 |       |       ||     1
 Cast: Magic Dart        |    63 |   100 |   110 |   124 |    76 |    25 |       ||   498
       Mephitic Cloud    |       |     3 |    24 |    40 |    39 |    43 |     5 ||   154
       Conjure Flame     |       |    13 |    13 |    40 |    34 |    16 |       ||   116
       Blink             |       |       |     1 |    11 |     4 |     4 |     3 ||    23
       Airstrike         |       |       |       |       |   158 |    92 |    20 ||   270
       Call Imp          |       |       |       |       |     3 |     5 |     1 ||     9
       Lightning Bolt    |       |       |       |       |     3 |    14 |       ||    17
       Summon Ice Beast  |       |       |       |       |     8 |    76 |     5 ||    89
       Slow              |       |       |       |       |     2 |    11 |     2 ||    15
       Corona            |       |       |       |       |    25 |    57 |     5 ||    87
       Apportation       |       |       |       |       |     8 |    21 |       ||    29
       Irradiate         |       |       |       |       |       |    18 |    31 ||    49
Invok: Curse Item        |     1 |       |     1 |     1 |     5 |     4 |       ||    12
 Abil: Evoke Flight      |       |       |       |     1 |       |       |       ||     1
       Evoke Invisibilit |       |       |       |       |     2 |     7 |     1 ||    10
Evoke: Wand              |       |    14 |     6 |       |     1 |       |       ||    21
       Condenser vane    |       |       |       |       |       |     3 |     1 ||     4
       Lightning rod     |       |       |       |       |       |     7 |       ||     7
       Phial of floods   |       |       |       |       |       |     1 |       ||     1
  Use: Scroll            |       |     4 |    11 |     6 |    10 |    15 |     2 ||    48
       Potion            |       |     1 |     1 |       |     1 |     9 |     3 ||    15
 Stab: Distracted        |     1 |       |       |       |     5 |    19 |     2 ||    27
       Sleeping          |       |     1 |     3 |     6 |    26 |    24 |     4 ||    64
       Confused          |       |     2 |    19 |    37 |    76 |    62 |     4 ||   200
       Invisible         |       |       |       |       |    13 |    19 |     1 ||    33
Armor: Robe              |     5 |    10 |     7 |       |       |       |       ||    22
       Steam dragon scal |       |       |     6 |    88 |   209 |   202 |    57 ||   562
       Skin              |       |       |       |       |       |    42 |       ||    42
Dodge: Dodged            |    46 |    60 |   129 |   199 |   835 |   806 |   178 ||  2253
Block: Buckler           |       |       |       |       |    96 |   239 |       ||   335
       Tower shield      |       |       |       |       |       |   107 |   255 ||   362
       Kite shield       |       |       |       |       |       |    78 |       ||    78
